 Dungeon Crawl Stone Soup version 0.21.1-1-g345015f (webtiles) character file.

93 Kagorn the Skirmisher (level 4, 0/42 HPs)
             Began as a Naga Fighter on June 22, 2018.
             Was an Initiate of Qazlal.
             Slain by tidbits's ghost (4 damage)
             ... on level 3 of the Dungeon.
             The game lasted 00:11:06 (2407 turns).

Kagorn the Skirmisher (Naga Fighter)                Turns: 2407, Time: 00:11:07

Health: 0/42       AC:  5    Str: 25    XL:     4   Next: 61%
Magic:  13/13      EV:  6    Int:  8    God:    Qazlal [......]
Gold:   69         SH:  9    Dex: 12    Spells: 3/3 levels left

rFire    . . .     SeeInvis +   a - +0 trident
rCold    . . .     Gourm    .   c - +0 shield
rNeg     . . .     Faith    .   b - +0 scale mail
rPois    +         Spirit   .   (no helmet)
rElec    .         Reflect  .   (no cloak)
rCorr    .         Harm     .   (no gloves)
MR       .....                  (no barding)
Stlth    ..........             (no amulet)
HPRegen  0.14/turn              g - ring of magical power
MPRegen  0.13/turn              j - +2 ring of strength

@: mighty, flying (expiring), very slow
A: large, see invisible, deformed body, poison resistance, slowness 2, slow
metabolism 1, spit poison 1, AC +1
a: Spit Poison, Renounce Religion


You were on level 3 of the Dungeon.
You worshipped Qazlal.
Qazlal was noncommittal.
You were hungry.

You visited 1 branch of the dungeon, and saw 3 of its levels.

You collected 69 gold pieces.

Inventory:

Hand Weapons
 a - a +0 trident (weapon)
 l - a +2 dagger of venom
Armour
 b - a +0 scale mail (worn)
 c - a +0 shield (worn)
Jewellery
 g - a ring of magical power (left hand)
 j - a +2 ring of strength (right hand)
Scrolls
 e - 2 scrolls of identify {unknown}
 h - a scroll of enchant weapon {unknown}
 i - a scroll of remove curse {unknown}
 k - 2 scrolls of fear {unknown}
 o - a scroll of teleportation {unknown}
 q - a scroll of blinking {unknown}
Comestibles
 f - 3 rations


   Skills:
 * Level 3.5 Fighting
 * Level 3.0 Polearms
 + Level 2.6 Armour
 + Level 0.9 Dodging
 + Level 1.7 Stealth
 + Level 2.8 Shields


You had 3 spell levels left.
You didn't know any spells.

Dungeon Overview and Level Annotations

Branches:
Dungeon (3/15)

Altars:
Qazlal

Annotations:
D:3 tidbits's ghost, amateur GnSk


Innate Abilities, Weirdness & Mutations

You cannot wear boots.
Your serpentine skin is tough. (AC +1)
You have supernaturally acute eyesight. (SInv)
Armour fits poorly on your strangely shaped body.
Your system is resistant to poisons. (rPois)
You cover ground very slowly.
You have a slow metabolism.
You can spit poison.


Message History

Tidbits's ghost hits you!
You barely miss tidbits's ghost.
You are starting to lose your buoyancy.
Tidbits's ghost hits you.
* * * LOW HITPOINT WARNING * * *
You impale tidbits's ghost!!
Tidbits's ghost is heavily damaged.
Tidbits's ghost hits you but does no damage.
You closely miss tidbits's ghost.
Tidbits's ghost is moderately damaged.
Tidbits's ghost hits you!
* * * LOW HITPOINT WARNING * * *
Tidbits's ghost barely misses you.
Tidbits's ghost's shroud bends your attack away!
Tidbits's ghost hits you but does no damage.
You closely miss tidbits's ghost.
Tidbits's ghost is moderately damaged.
Tidbits's ghost is no longer regenerating.
Tidbits's ghost hits you.
You die...

##########
#.@.......
#W########
#b# #l#
#g# #J#
#.# #.# #.
###.######
# #.


You could see tidbits's ghost, an ooze, a leopard gecko, a hobgoblin and a bat.

Vanquished Creatures
  3 adders (D:2)
  5 worms
  A dart slug (D:2)
  A leopard gecko (D:2)
  2 giant cockroaches
  4 goblins
  5 hobgoblins
  6 jackals (D:2)
  A quokka (D:2)
  5 bats
  2 frilled lizards
  7 kobolds
  7 rats
49 creatures vanquished.

Notes
Turn   | Place    | Note
-------+----------+-------------------------------------------
     0 | D:1      | Kagorn the Naga Fighter began the quest for the Orb.
     0 | D:1      | Reached XP level 1. HP: 21/21 MP: 1/1
   270 | D:1      | Reached XP level 2. HP: 28/28 MP: 2/2
   890 | D:2      | Reached skill level 1 in Stealth
  1099 | D:2      | Reached XP level 3. HP: 15/34 MP: 3/3
  1797 | D:2      | Reached XP level 4. HP: 33/42 MP: 4/4
  1868 | D:2      | Found a stormy altar of Qazlal.
  1869 | D:2      | Noticed a fire elemental
  1872 | D:2      | Noticed an air elemental
  1872 | D:2      | Noticed a water elemental
  1872 | D:2      | Noticed an earth elemental
  1880 | D:2      | Became a worshipper of Qazlal Stormbringer
  2291 | D:3      | Noticed tidbits's ghost (amateur GnSk)
  2407 | D:3      | Slain by tidbits's ghost

Skill      XL: |  1  2  3  4 |
---------------+-------------+-----
Stealth        | 1 |  1.7
Polearms       | 3 |  3.0
Fighting       | |  3.5
Armour         | |  2.6
Dodging        | |  0.9
Shields        | |  2.8

Action                   |  1- 3 |  4- 6 || total
-------------------------+-------+-------++-------
Melee: Trident           |   139 |   101 ||   240
  Use: Potion            |       |     4 ||     4
  Eat: Ration            |     1 |       ||     1
Armor: Scale mail        |    64 |    65 ||   129
Dodge: Dodged            |    32 |    43 ||    75
Block: Shield            |    63 |    85 ||   148
